 Dungeon Crawl Stone Soup version 0.18-a0-327-gb1de508 (webtiles) character file.

21779 xeno23 the Zephyrmancer (level 12, 0/94 HPs)
             Began as a Demigod Air Elementalist on Nov 27, 2015.
             Slain by a yak (16 damage)
             ... on level 3 of the Lair of Beasts on Nov 28, 2015.
             The game lasted 01:28:36 (14768 turns).

xeno23 the Zephyrmancer (Demigod Air Elementalist) Turns: 14768, Time: 01:28:37

Health: 0/94       AC: 14    Str: 23    XL:     12   Next: 26%
Magic:  6/8        EV: 17    Int: 19    God:
Gold:   451        SH:  0    Dex: 24    Spells: 5 memorised, 10 levels left

rFire  + + .     SeeInvis .     d - +11 broad axe "Angumeyt" {antimagic, rPois rF++ MR- Stlth+}
rCold  . . .     Clarity  +     v - +3 leather armour of Maggumit {rPois rCorr Dex+3 Stlth-}
rNeg   . . .     SustAt   +     (no shield)
rPois  +         Gourm    .     T - +0 helmet
rElec  .         Spirit   .     e - +1 cloak {MR+}
rCorr  +         Warding  .     P - +0 pair of gloves
rMut   .         Stasis   .     V - +2 pair of boots {run}
MR     +....                    B - amulet of clarity
Stlth  ++........               i - +5 ring of dexterity
                                b - +4 ring of strength

@: slowed, repel missiles, very slow, somewhat resistant to hostile
enchantments, unstealthy
A: high mp 1, sustain attributes
a: no special abilities


You were on level 3 of the Lair of Beasts.
You were near starving.

You visited 2 branches of the dungeon, and saw 14 of its levels.
You also visited: Sewer.

You collected 786 gold pieces.
You spent 335 gold pieces at shops.

Inventory:

Hand Weapons
 d - the +11 broad axe "Angumeyt" (weapon) {antimagic, rPois rF++ MR- Stlth+}
   (You found it on level 1 of the Lair of Beasts)

   It disrupts the flow of magical energy around spellcasters and certain
   magical creatures (including the wielder).
   It greatly protects you from fire.
   It protects you from poison.
   It affects your resistance to hostile enchantments.
   It makes you more stealthy.
 k - a +2 short sword of venom
 p - a +2 dagger of protection
 t - a +0 long sword
 y - a +0 blowgun
Missiles
 j - 2 javelins (quivered)
 x - 105 poisoned needles
Armour
 e - a +1 cloak of magic resistance (worn)
 v - the +3 leather armour of Maggumit (worn) {rPois rCorr Dex+3 Stlth-}
   (You found it on level 3 of the Lair of Beasts)

   It affects your dexterity (+3).
   It protects you from poison.
   It protects you from acid and corrosion.
   It makes you less stealthy.
 L - a +0 ring mail of fire resistance
 P - a +0 pair of gloves (worn)
 T - a +0 helmet (worn)
 V - a +2 pair of boots of running (worn)
Jewellery
 b - a +4 ring of strength (left hand)
 i - a +5 ring of dexterity (right hand)
 l - an uncursed ring of see invisible
 B - an amulet of clarity (around neck)
 K - an uncursed amulet of stasis
Wands
 q - a wand of teleportation (4)
 r - a wand of polymorph (19)
 R - a wand of disintegration (8)
 U - a wand of draining (13)
Scrolls
 n - 4 scrolls of teleportation
 z - a scroll of enchant weapon
 D - 4 scrolls of fog
 I - 5 scrolls of remove curse
 J - 2 scrolls of magic mapping
 N - a scroll of blinking
Potions
 a - 3 potions of invisibility
 f - 5 potions of heal wounds
 g - 9 potions of curing
 h - a potion of cure mutation {unknown}
 o - 2 potions of magic
 u - 8 potions of brilliance
 w - a potion of lignification
 A - 2 potions of agility
 C - 3 potions of berserk rage
 E - a potion of cancellation {unknown}
 F - 2 potions of resistance
 G - a potion of mutation
Comestibles
 c - 11 bread rations
 m - 8 slices of pizza
 s - 3 beef jerkies
 X - 28 fruits
 Y - 2 meat rations


   Skills:
 - Level 5.2 Fighting
 - Level 0.1(5.5) Short Blades
 + Level 9.0 Long Blades
 - Level 4.6 Armour
 - Level 5.2 Dodging
 - Level 1.8 Stealth
 - Level 6.0 Spellcasting
 - Level 8.0 Conjurations
 - Level 2.0 Charms
 + Level 11.1 Air Magic


You had 10 spell levels left.
You knew the following spells:

 Your Spells              Type           Power        Failure   Level  Hunger
a - Shock                 Conj/Air       ####         1%          1    None
b - Swiftness             Chrm/Air       ####....     1%          2    None
e - Lightning Bolt        Conj/Air       #####.....   10%         5    #####..
q - Static Discharge      Conj/Air       #####...     1%          3    ##.....
r - Repel Missiles        Chrm/Air       ####..       1%          2    None


Dungeon Overview and Level Annotations

Branches:
Dungeon (10/15)            Temple (0/1) D:4            Lair (4/8) D:8
    Orc (0/4) D:10
  Swamp: Lair:3-6    Shoals: Lair:3-6     Snake: Lair:3-6    Spider: Lair:3-6

Shops:
D:7 !   D:10 (


Innate Abilities, Weirdness & Mutations

You have an increased reservoir of magic (+10% MP).
Your attributes are resistant to harm.


Message History

The yak closely misses you.
You see here a hydra corpse.
You slice the torpor snail!!
The torpor snail is heavily wounded.
The torpor snail misses you. The torpor snail closely misses you.
You slash the torpor snail!
The torpor snail is severely wounded.
The torpor snail barely misses you. The yak closely misses you.
The torpor snail closely misses you.
You slice the torpor snail!!
The torpor snail is almost dead.
You hit the yak.
The yak is almost dead.
The yak gores you. The yak gores you! The torpor snail closely misses you.
The yak barely misses you.
You take 18 damage.
The yak gores you!
* * * LOW HITPOINT WARNING * * *
The yak gores you!
You die...

.......................
.......................
##....#.......... ....
#######.##...P.#####...
.##.........÷.##..#.#....
..P........÷..#....Y†+...
..P........#÷........##..
#.#......YYwY...+.....##..
#.#......@†#...##.....#...
##..#####[####..####.#.##..
#P.####....###..####....#..
##..........................
#P..........................
##..........................
##<........................
#.####.P###...............
#.# ##..###......##.#.#...


You could see a torpor snail and 3 yaks.

Vanquished Creatures
  Gastronok (Lair:3)
  3 hydras
  A black mamba (Lair:1)
  A spiny frog (Lair:2)
  2 komodo dragons (Lair:1)
  The ghost of Raultor the Changer, a novice OpTm of Makhleb (D:5)
  2 fire drakes (Lair:1)
  A polar bear (Lair:1)
  9 blink frogs (Lair:1)
  A human (D:8)
  25 yaks
  15 wolves (Lair:1)
  A basilisk (Lair:1)
  A wyvern (D:8)
  3 vampire mosquitoes (Lair:3)
  An insubstantial wisp (Lair:3)
  2 hungry ghosts
  4 hippogriffs
  A warg (Lair:1)
  3 orc warriors
  6 porcupines
  Duvessa (D:4)
  4 water moccasins
  3 black bears
  2 centaurs
  3 sky beasts
  4 ogres
  A phantom (D:5)
  Blork the orc (D:4)
  8 crocodiles
  4 big kobolds
  7 giant frogs
  Dowan (D:4)
  2 scorpions
  A water moccasin zombie (D:6)
  A gnoll sergeant (D:6)
  An electric eel (Lair:2)
  14 killer bees
  11 wights
  3 giant frog zombies
  6 hounds
  3 centaur zombies
  4 crimson imps
  4 orc priests
  6 orc wizards
  A giant frog skeleton (D:6)
  A gnoll shaman (D:7)
  8 iguanas
  2 centaur skeletons
  2 jellies
  3 sheep (D:8)
  3 hell rats (D:8)
  6 worker ants
  A hound skeleton (D:4)
  A hound zombie (D:6)
  A worker ant zombie (D:6)
  33 river rats
  7 adders
  11 gnolls
  6 shadow imps
  3 oozes
  An adder zombie (D:6)
  2 worms (D:4)
  41 orcs
  5 ball pythons
  8 goblins
  7 hobgoblins
  11 jackals
  45 kobolds
  3 quokkas
  8 bats
  4 giant cockroaches
  3 giant geckos
  A giant gecko zombie (D:5)
  6 giant newts
  A quokka skeleton (D:3)
  A quokka zombie (D:6)
  18 rats
  A butterfly (D:4)
  2 fungi
  5 plants
441 creatures vanquished.

Vanquished Creatures (others)
  A vampire mosquito (Lair:3)
  A giant newt (D:1)
  A bush (Lair:1)
  9 fungi
  2 plants
14 creatures vanquished.

Grand Total: 455 creatures vanquished

Notes
Turn   | Place    | Note
--------------------------------------------------------------
     0 | D:1      | xeno23 the Demigod Air Elementalist began the quest for the Orb.
     0 | D:1      | Reached XP level 1. HP: 14/14 MP: 5/5
    69 | D:1      | Reached skill level 3 in Air Magic
   297 | D:1      | Reached XP level 2. HP: 17/20 MP: 1/7
   425 | D:1      | Reached skill level 1 in Conjurations
   583 | D:1      | Found a sparkling altar of Nemelex Xobeh.
   843 | D:2      | Learned a level 2 spell: Swiftness
   846 | D:2      | Learned a level 2 spell: Repel Missiles
   917 | D:2      | Found a sparkling altar of Nemelex Xobeh.
   917 | D:2      | Found a snail-covered altar of Cheibriados.
   936 | D:2      | Reached XP level 3. HP: 18/26 MP: 3/8
  1846 | D:3      | Reached XP level 4. HP: 34/34 MP: 3/9
  2339 | D:3      | Reached skill level 1 in Fighting
  2339 | D:3      | Reached XP level 5. HP: 18/40 MP: 3/11
  2389 | D:4      | Noticed Blork the orc
  2405 | D:4      | Killed Blork the orc
  2405 | D:4      | Reached skill level 1 in Armour
  2405 | D:4      | Reached skill level 1 in Charms
  2405 | D:4      | Reached skill level 4 in Air Magic
  2525 | D:4      | Noticed an ogre
  2588 | D:4      | Found a staircase to the Ecumenical Temple.
  2628 | D:4      | Found a glowing drain.
  2632 | Sewer    | Entered a sewer
  2669 | Sewer    | Reached XP level 6. HP: 45/47 MP: 1/12
  3163 | D:4      | Learned a level 3 spell: Static Discharge
  3650 | D:4      | Found an ancient bone altar of Kikubaaqudgha.
  3663 | D:4      | Noticed Dowan
  3771 | D:4      | Noticed Duvessa
  3796 | D:4      | Killed Duvessa
  3796 | D:4      | Reached XP level 7. HP: 51/53 MP: 14/14
  3809 | D:4      | Killed Dowan
  4444 | D:5      | Entered Level 5 of the Dungeon
  4520 | D:5      | Noticed Raultor's ghost (novice OpTm)
  4538 | D:5      | Killed Raultor's ghost
  4538 | D:5      | Reached skill level 5 in Air Magic
  4656 | D:5      | Reached XP level 8. HP: 60/62 MP: 1/16
  5236 | D:6      | Reached skill level 5 in Conjurations
  5239 | D:6      | Reached skill level 6 in Air Magic
  5588 | D:6      | Reached XP level 9. HP: 68/70 MP: 2/18
  6073 | D:7      | Identified a scroll of acquirement
  6091 | D:7      | Found Numnuul's Distillery.
  6096 | D:7      | Bought a potion of agility for 44 gold pieces
  6096 | D:7      | Bought a potion of resistance for 110 gold pieces
  6096 | D:7      | Bought a potion of degeneration for 11 gold pieces
  6096 | D:7      | Bought a potion of poison for 11 gold pieces
  6100 | D:7      | Bought a potion of curing for 33 gold pieces
  6100 | D:7      | Bought a potion of curing for 33 gold pieces
  6100 | D:7      | Bought a potion of curing for 33 gold pieces
  6100 | D:7      | Bought a potion of lignification for 33 gold pieces
  6100 | D:7      | Bought a potion of mutation for 27 gold pieces
  6578 | D:8      | Found a sacrificial altar of Ru.
  6609 | D:8      | Reached skill level 7 in Air Magic
  6866 | D:8      | Found a staircase to the Lair.
  7261 | D:8      | Reached XP level 10. HP: 60/80 MP: 14/20
  7277 | D:8      | Learned a level 5 spell: Lightning Bolt
  7703 | D:9      | Reached skill level 5 in Dodging
  8138 | D:9      | Reached skill level 5 in Fighting
  8378 | D:10     | Entered Level 10 of the Dungeon
  8423 | D:10     | Found Tolop's Weapon Boutique.
  8453 | D:10     | Identified a +0 pair of boots of running (You found it on level 10 of the Dungeon)
  8662 | D:10     | Found a staircase to the Orcish Mines.
  9026 | D:10     | Noticed a skeletal warrior
  9026 | D:10     | Noticed a skeletal warrior
  9029 | D:10     | Noticed a skeletal warrior
  9036 | D:10     | Noticed a skeletal warrior
  9042 | D:10     | Noticed a skeletal warrior
  9125 | D:8      | Reached skill level 5 in Spellcasting
  9126 | D:8      | Reached skill level 1 in Long Blades
  9229 | Lair:1   | Entered Level 1 of the Lair of Beasts
  9770 | Lair:1   | Reached skill level 8 in Air Magic
 10433 | D:8      | Reached XP level 11. HP: 83/88 MP: 18/24
 10712 | Lair:1   | Reached skill level 5 in Long Blades
 11087 | Lair:1   | Reached skill level 9 in Air Magic
 11476 | Lair:1   | Got an ebony broad axe
 11793 | Lair:2   | Upgraded the game from 0.18-a0-316-gf882de5 to 0.18-a0-327-gb1de508
 11807 | Lair:2   | Noticed a four-headed hydra
 12069 | Lair:2   | Killed a four-headed hydra
 12660 | Lair:2   | Reached skill level 10 in Air Magic
 13105 | Lair:2   | Identified the +11 broad axe "Angumeyt" {antimagic, rPois rF++ MR- Stlth+} (You found it on level 1 of the Lair of Beasts)
 13331 | Lair:3   | Noticed a six-headed hydra
 13652 | Lair:3   | Got a slimy leather armour
 13683 | Lair:2   | Identified the +3 leather armour of Maggumit {rPois rCorr Dex+3 Stlth-} (You found it on level 3 of the Lair of Beasts)
 13725 | Lair:3   | Noticed Gastronok
 14094 | Lair:3   | Noticed a five-headed hydra
 14095 | Lair:4   | Noticed a four-headed hydra
 14101 | Lair:3   | Noticed a five-headed hydra
 14113 | Lair:3   | Killed a five-headed hydra
 14113 | Lair:3   | Reached XP level 12. HP: 94/94 MP: 6/25
 14563 | Lair:3   | Killed Gastronok
 14563 | Lair:3   | Reached skill level 11 in Air Magic
 14745 | Lair:3   | Killed a six-headed hydra
 14768 | Lair:3   | Slain by a yak

Vault maps used:
D:1:      roderic_crop_circles_arrival_small, hex_tiny, minivault_23,
          nemelex_altar_shiori
D:2:      gammafunk_temple_overflow_elements
D:3:      first_bread
D:4:      kennysheep_kobold_camp, overflow_temple_1_default,
          minmay_temple_entry_butterflies, gup_sewer_entry_bowl,
          uniq_blork_the_orc, uniq_duvessa
D:5:      hangedman_decor_opposing, minmay_misc_feat_plants, minivault_1
D:6:      serial_undead, serial_undead_f, serial_undead_e, serial_undead_f,
          serial_undead_e
D:7:      serial_shops, kennysheep_little_box, minivault_19
D:8:      dpeg_lair_monsters, grunt_livestock, nicolae_ru_sacrificial_ziggurat
D:10:     hiddenorc1_lemuel, serial_shops, nicolae_shop_stone
Lair:1:   beast_lair_carwin_large_4, st_stairs_11, grunt_forest_large_clearings
Lair:2:   guppyfry_lair_drakes, lemuel_fruit_fields
Lair:3:   pond, lemuel_fruit_tree, uniq_gastronok
Lair:4:   minmay_swamp_entry_eels, nicolae_spider_entry_orb_guardian
Sewer:    kennysheep_pipe_town

Action                   |  1- 3 |  4- 6 |  7- 9 | 10-12 || total
-------------------------+-------+-------+-------+-------++-------
Melee: Unarmed           |    19 |       |       |       ||    19
       Short sword       |    48 |   142 |    29 |   217 ||   436
       Dagger            |    17 |   100 |   159 |    81 ||   357
       Blowgun           |       |       |       |     1 ||     1
       Broad axe         |       |       |       |    15 ||    15
 Fire: Blowgun           |       |    13 |    31 |    57 ||   101
 Cast: Shock             |    99 |    99 |   322 |   371 ||   891
       Repel Missiles    |     1 |     1 |     1 |       ||     3
       Static Discharge  |       |       |    16 |    52 ||    68
       Lightning Bolt    |       |       |       |    41 ||    41
       Swiftness         |       |       |       |     2 ||     2
  Use: Scroll            |       |    10 |    11 |     7 ||    28
       Potion            |       |       |       |     3 ||     3
 Stab: Sleeping          |       |     7 |     3 |     6 ||    16
       Distracted        |       |       |     1 |     1 ||     2
  Eat: Chunk             |     4 |     6 |    12 |    31 ||    53
       Pizza             |       |       |     1 |       ||     1
       Meat ration       |       |       |       |     1 ||     1
       Beef jerky        |       |       |       |     2 ||     2
